 Dungeon Crawl Stone Soup version 0.30.1-6-gbe392663c4 (webtiles) character file.

Game seed: 5502483283269274609

53249 monsoonserge the Party-goer (level 14, -4/109 HPs)
             Began as a Demonspawn Monk on Sept 21, 2023.
             Was a Believer of Uskayaw.
             Blown up by an orb spider (61 damage)
             ... with an orb of destruction
             ... led by a torpor snail
             ... on level 1 of the Spider Nest.
             The game lasted 01:33:04 (23746 turns).

monsoonserge the Party-goer (Demonspawn Monk)      Turns: 23746, Time: 01:33:04

Health: -4/109     AC: 23    Str: 15    XL:     14   Next: 30%
Magic:  14/22      EV: 39    Int: 13    God:    Uskayaw [**....]
Gold:   1497       SH:  0    Dex: 20    Spells: 13/13 levels left

rFire   + + .        u - +6 scimitar of the Final Decision {flame, Drain rPois rF+}
rCold   + . .        (no shield)
rNeg    + . .        X - +4 scale mail {rF+}
rPois   +            p - +0 hat of the Pure Xalams {rN+ Will+ rCorr Stlth+}
rElec   +            q - +0 cloak
rCorr   +            (gloves unavailable)
SInv    .            H - +2 pair of boots "Vuyp" {+Blink Str+2 Stlth+}
Will    ++...        l - amulet of the acrobat
Stlth   +++++        F - +5 ring of evasion
HPRegen 0.38/turn    s - ring "Emisoh" {rElec rC+ rCorr Str+2}
MPRegen 0.18/turn

%: acrobat
@: agile, sanguine armoured, acrobatic
A: foul stench 1, powered by pain 2, sanguine armour 1, demonic touch 3
a: Renounce Religion, Evoke Blink, Stomp, Line Pass


You were on level 1 of the Spider Nest.
You worshipped Uskayaw.
Uskayaw was aware of your devotion.
You visited 4 branches of the dungeon, and saw 19 of its levels.
You also visited: Sewer, Gauntlet, Ice Cave and Volcano.

You collected 1654 gold pieces.
You spent 157 gold pieces at shops.

Inventory:

Hand Weapons
 a - the +3 dagger of Ituesty {drain, rCorr Str-2 Int+5}
   (You found it on level 3 of the Dungeon)

   Str:       It affects your strength (-2).
   Int:       It affects your intelligence (+5).
   rCorr:     It protects you from acid and corrosion.
 u - the +6 scimitar of the Final Decision (weapon) {flame, Drain rPois rF+}
   (You found it on level 10 of the Dungeon)

   rF:        It protects you from fire.
   rPois:     It protects you from poison.
   Drain:     It drains your maximum health when unequipped.
Missiles
 b - 5 atropa-tipped darts
 k - 2 throwing nets
 y - 6 silver boomerangs
 G - 40 poisoned darts (quivered)
 N - 6 silver javelins
 W - 5 boomerangs of dispersal
 Y - 3 curare-tipped darts
Armour
 p - the +0 hat of the Pure Xalams (worn) {rN+ Will+ rCorr Stlth+}
   (You found it in a Gauntlet)

   rN:        It protects you from negative energy.
   rCorr:     It protects you from acid and corrosion.
   Will:      It increases your willpower.
   Stlth:     It makes you more stealthy.
 q - a +0 cloak (worn)
 H - the +2 pair of boots "Vuyp" (worn) {+Blink Str+2 Stlth+}
   (You found it in a Gauntlet)

   Str:       It affects your strength (+2).
   +Blink:    It lets you blink.
   Stlth:     It makes you more stealthy.
 X - a +4 scale mail of fire resistance (worn)
Jewellery
 l - an amulet of the acrobat (around neck)
 s - the ring "Emisoh" (right hand) {rElec rC+ rCorr Str+2}
   (You found it in a Gauntlet)

   [ring of resist corrosion]

   Str:       It affects your strength (+2).
   rC:        It protects you from cold.
   rElec:     It insulates you from electricity.
   rCorr:     It protects you from acid and corrosion.
 F - a +5 ring of evasion (left hand)
Wands
 c - a wand of mindburst (9)
 z - a wand of digging (5)
 C - a wand of quicksilver (24)
 D - a wand of iceblast (4)
 K - a wand of charming (36)
 R - a wand of polymorph (5)
Scrolls
 i - a scroll of silence
 r - 5 scrolls of enchant armour
 w - 2 scrolls of fear
 x - a scroll of fog
 B - 3 scrolls of blinking
 I - a scroll of enchant weapon {unknown}
 J - 8 scrolls of poison
 O - 2 scrolls of summoning
 S - a scroll of torment {unknown}
 U - 2 scrolls of vulnerability {unknown}
 V - 3 scrolls of magic mapping
 Z - 15 scrolls of teleportation
Potions
 e - 6 potions of attraction {unknown}
 g - 6 potions of haste
 h - 4 potions of mutation
 j - 3 potions of resistance
 m - 9 potions of curing
 n - 6 potions of heal wounds
 o - a potion of cancellation {unknown}
 t - a potion of berserk rage {unknown}
 v - 4 potions of magic
 A - 5 potions of degeneration {unknown}
 E - 3 potions of might
 L - a potion of invisibility {unknown}
 M - 3 potions of flight
 P - 2 potions of lignification
 Q - 6 potions of brilliance {unknown}
Miscellaneous
 d - a phantom mirror
 f - a condenser vane
 T - a box of beasts


   Skills:
 + Level 9.9 Fighting
 - Level 9.3(10.5) Short Blades
 + Level 7.9(9.9) Long Blades
 + Level 5.2 Ranged Weapons
 + Level 3.0 Throwing
 + Level 9.3 Armour
 + Level 8.8 Dodging
 - Level 8.0 Stealth
 - Level 3.0 Unarmed Combat
 + Level 10.8 Invocations
 * Level 5.5 Evocations


You had 13 spell levels left.
You didn't know any spells.
Your spell library contained the following spells:

 Spells                   Type           Power      Damage    Failure   Level
 Freeze                   Ice            0%         1d3       67%         1
 Sting                    Tmut/Pois      0%         1d3       67%         1
 Summon Small Mammal      Summ           0%         N/A       67%         1
 Blink                    Tloc           0%         N/A       82%         2
 Poisonous Vapours        Pois/Air       0%         N/A       82%         2
 Call Canine Familiar     Summ           0%         N/A       96%         3
 Frozen Ramparts          Ice            0%         1d1       96%         3
 Hailstorm                Conj/Ice       0%         3d3       96%         3
 Ignite Poison            Fire/Tmut/Pois 0%         N/A       96%         3
 Inner Flame              Hex/Fire       0%         N/A       96%         3
 Mephitic Cloud           Conj/Pois/Air  0%         N/A       96%         3
 Summon Guardian Golem    Hex/Summ       0%         N/A       96%         3
 Animate Dead             Necr           0%         N/A       100%        4
 Flame Wave               Conj/Fire      0%         2d4       100%        4
 Ice Form                 Ice/Tmut       0%         N/A       100%        4
 Manifold Assault         Tloc           0%         N/A       100%        4
 Olgreb's Toxic Radiance  Pois           0%         N/A       100%        4
 Sticky Flame             Conj/Fire      0%         2d3       100%        4
 Fireball                 Conj/Fire      0%         3d3       100%        5
 Freezing Cloud           Conj/Ice/Air   0%         6-21      100%        5
 Simulacrum               Ice/Necr       0%         N/A       100%        6
 Haunt                    Necr/Summ      0%         N/A       100%        7
 Storm Form               Tmut/Air       0%         N/A       100%        7
 Infestation              Necr           0%         N/A       100%        8


Dungeon Overview and Level Annotations

Branches:
Dungeon (12/15)            Temple (1/1) D:6            Lair (5/5) D:8
 Shoals (0/4) Lair:2       Spider (1/4) Lair:3        Slime (0/5) Lair:4
    Orc (0/2) D:10          Sewer (visited)           IceCv (visited)
Volcano (visited)         Gauntlet (visited)

Altars:
Cheibriados
Dithmenos
Fedhas
Gozag
Hepliaklqana
Kikubaaqudgha
Makhleb
Nemelex Xobeh
Sif Muna
Uskayaw
Wu Jian
Xom
Yredelemnul

Shops:
D:7 ?   D:10 *   D:11 *(


Innate Abilities, Weirdness & Mutations

You may rarely emit foul miasma when damaged in melee.
You sometimes gain power by taking damage.
When seriously injured, your blood forms armour. (AC +6)
Your touch may irresistibly damage your foes and sap their willpower.


Message History

You can now pass through a line of other dancers.
You stomp with the beat, sending a shockwave through the revellers around you!
The torpor snail is severely wounded.
The tarantella is heavily wounded.
The culicivora is heavily wounded.
The redback is heavily wounded.
You can no longer pass through a line of other dancers.
The tarantella barely misses you. The redback misses you.
The culicivora bites you but does no damage.
The tarantella touches you but does no damage.
The redback barely misses you.
The culicivora bites you but does no damage.
The torpor snail completely misses you. The tarantella misses you.
You can now pass through a line of other dancers.
Unknown command.
You stomp with the beat, sending a shockwave through the revellers around you!
The torpor snail is almost dead.
The tarantella is almost dead.
The culicivora is severely wounded.
The redback is almost dead.
You can no longer pass through a line of other dancers.
The redback bites you but does no damage.
The culicivora misses you. The tarantella touches you!
The redback bites you but does no damage.
The culicivora misses you. The torpor snail barely misses you.
The tarantella closely misses you.
The redback bites you but does no damage.
You can now pass through a line of other dancers.
Unknown command.
You stomp with the beat, sending a shockwave through the revellers around you!
You kill the torpor snail!
You kill the tarantella!
You kill the culicivora!
You kill the redback!
You can no longer pass through a line of other dancers.
You feel yourself speed up.
The orb spider weaves a glowing orb of energy.
You can now pass through a line of other dancers.
An orb of destruction comes into view.
Unknown command.
The orb spider spins a strand of pure energy.
The orb of destruction hits you!!!
Ouch! That really hurt!
You die...

....# .(..## #....# #
#..### ### ####.#. ..###
##.###.#s.... ....#
#.....○.....^ ....#
#....○○....# ##..#
##..☼○††...# .#### ##
##..@#..†..## .# ##.##
#....#######... .###
##...####...^#.......y
...###.....#
#...##........
....##....##
#..†.#........
........#######..##......
#.#......##......#.....#
####.....#.....###.....#
##....#^...##.......#


You could see an orb spider (charged).

Vanquished Creatures
  A minotaur (Gauntlet)
  A slime creature (Gauntlet)
  Josephine (D:10)
  A fire dragon (Lair:5)
  Fannar (D:10)
  A rakshasa (D:9)
  3 hydras
  2 catoblepae
  3 centaur warriors
  The ghost of spardeous the Destroyer, a journeyman DgCj (D:9)
  2 boulder beetles
  A two-headed ogre (D:6)
  A tengu warrior (D:12)
  2 sixfirhies (Gauntlet)
  A pharaoh ant (Spider:1)
  An orb spider (Spider:1)
  A steelbarb worm (Spider:1)
  A swamp dragon (Lair:5)
  A wizard (Volcano)
  An orc knight (Volcano)
  2 wolf spiders (Spider:1)
  An ugly thing (IceCv)
  A manticore (D:11)
  2 cyclopes
  3 elephants (Lair:2)
  3 salamanders (Volcano)
  4 black mambas
  2 gargoyles
  8 cane toads
  3 ice statues (IceCv)
  5 molten gargoyles (Volcano)
  3 demonic crawlers (Spider:1)
  9 rime drakes
  4 kobold demonologists
  2 torpor snails
  A freezing wraith (IceCv)
  8 komodo dragons
  A tengu conjurer (D:12)
  2 polar bears
  A meliai (Lair:3)
  Prince Ribbit (D:5)
  A troll (D:12)
  4 tarantellas (Spider:1)
  4 blink frogs (Lair:3)
  5 hornets
  A snapping turtle (Lair:2)
  6 dream sheep
  A culicivora (Spider:1)
  A vampire (D:9)
  2 shadows
  A dire elephant simulacrum (IceCv)
  6 wraiths
  5 jumping spiders (Spider:1)
  4 basilisks
  3 wyverns
  23 yaks
  2 redbacks (Spider:1)
  5 steam dragons
  2 death yak simulacra (IceCv)
  A hydra simulacrum (IceCv)
  3 acid dragons
  A swamp drake (Lair:5)
  10 water moccasins
  2 orc warriors
  Pargi (Sewer)
  3 ice beasts
  A sky beast (D:8)
  4 black bears
  2 ogres
  4 wolves (Lair:2)
  3 centaurs
  A phantom (D:5)
  Blork the orc (D:4)
  8 kobold brigands
  5 bullfrogs
  3 scorpions
  A gnoll sergeant (D:11)
  A cane toad simulacrum (IceCv)
  8 wights
  8 howler monkeys
  An elephant simulacrum (IceCv)
  6 killer bees
  2 electric eels
  4 hounds
  2 jellies
  4 orc priests
  A gnoll bouda (D:9)
  7 orc wizards
  2 sleepcaps
  7 hell rats (Lair:2)
  6 iguanas
  A polar bear simulacrum (IceCv)
  2 wolf simulacra (IceCv)
  9 gnolls
  4 adders
  A river rat (D:6)
  A shadow imp (D:8)
  A white imp (D:7)
  6 worms
  3 dart slugs
  25 orcs
  6 endoplasms
  A giant cockroach (D:1)
  14 hobgoblins
  12 jackals
  20 kobolds
  7 ball pythons
  4 bats
  9 frilled lizards
  9 goblins
  10 rats
427 creatures vanquished.

Vanquished Creatures (others)
  A tarantella (Spider:1)
  A boggart (D:9)
  An orc wizard (D:10)
  A kobold (D:10)
4 creatures vanquished.

Grand Total: 431 creatures vanquished

Notes
Turn   | Place    | Note
-------+----------+-------------------------------------------
     0 | D:1      | monsoonserge the Demonspawn Monk began the quest for the
                  | Orb.
     0 | D:1      | Reached XP level 1. HP: 18/18 MP: 1/1
   145 | D:1      | Found a faded altar of an unknown god.
   249 | D:1      | Gained mutation: You may rarely emit foul miasma when
                  | damaged in melee. [demonic ancestry]
   249 | D:1      | Reached XP level 2. HP: 24/24 MP: 2/2
  1056 | D:2      | Reached XP level 3. HP: 29/29 MP: 3/3
  1648 | D:3      | Gained mutation: You sometimes gain a little power by
                  | taking damage. [demonic ancestry]
  1648 | D:3      | Reached XP level 4. HP: 35/35 MP: 4/4
  1794 | D:3      | Identified the +3 dagger of Ituesty {drain, rCorr Str-2
                  | Int+5}
  1896 | D:3      | Found a burning altar of Makhleb.
  1896 | D:3      | Noticed an Executioner
  1900 | D:3      | Noticed an orange demon
  1900 | D:3      | Noticed a ynoxinul
  2274 | D:4      | Noticed a black bear
  2286 | D:4      | Killed a black bear
  2287 | D:4      | Reached skill level 1 in Armour
  2287 | D:4      | Gained mutation: Your touch may inflict minor irresistible
                  | damage on your foes. [demonic ancestry]
  2287 | D:4      | Reached XP level 5. HP: 29/42 MP: 5/5
  2412 | D:4      | Found a shimmering blue altar of Sif Muna.
  2516 | D:4      | Found a hide-covered altar of Uskayaw.
  2527 | D:4      | Identified the +0 chain mail of Omission {Drain Int+7
                  | Dex+3}
  2560 | D:4      | Reached skill level 1 in Unarmed Combat
  2560 | D:4      | Gained mutation: When seriously injured, your blood forms
                  | armour. (AC +6) [demonic ancestry]
  2560 | D:4      | Reached XP level 6. HP: 27/48 MP: 6/6
  2720 | D:4      | Became a worshipper of Uskayaw the Reveller
  2720 | D:4      | Reached * piety under Uskayaw
  2760 | D:4      | Noticed Blork the orc
  2769 | D:4      | Killed Blork the orc
  2769 | D:4      | Reached ** piety under Uskayaw
  2770 | D:4      | Reached skill level 1 in Stealth
  2808 | D:4      | Reached skill level 1 in Short Blades
  2809 | D:4      | Noticed an ice beast
  2812 | D:4      | Reached *** piety under Uskayaw
  2813 | D:4      | Killed an ice beast
  3034 | D:4      | Found a snail-covered altar of Cheibriados.
  3045 | D:4      | Gained mutation: Your touch may inflict irresistible damage
                  | on your foes. [demonic ancestry]
  3045 | D:4      | Reached XP level 7. HP: 54/54 MP: 7/7
  3637 | D:5      | Entered Level 5 of the Dungeon
  3637 | D:5      | Found a hazy altar of Hepliaklqana.
  3728 | D:5      | Reached skill level 1 in Invocations
  3894 | D:5      | Noticed Prince Ribbit
  3901 | D:5      | Reached skill level 2 in Invocations
  3948 | D:5      | Killed Prince Ribbit
  3949 | D:5      | Reached XP level 8. HP: 30/61 MP: 8/10
  4339 | D:5      | Reached skill level 3 in Invocations
  4579 | D:6      | Noticed a kobold demonologist
  4603 | D:5      | Killed a kobold demonologist
  4603 | D:5      | Reached **** piety under Uskayaw
  4604 | D:5      | Reached skill level 5 in Dodging
  4604 | D:5      | Reached skill level 4 in Invocations
  4740 | D:6      | Found a staircase to the Ecumenical Temple.
  4749 | Temple   | Entered the Ecumenical Temple
  4909 | D:6      | Found a glowing drain.
  4946 | Sewer    | Entered a sewer
  4986 | Sewer    | Noticed Pargi
  5002 | Sewer    | Killed Pargi
  5396 | D:6      | Noticed a cyclops
  5401 | D:6      | Noticed a two-headed ogre
  5423 | D:6      | Killed a cyclops
  5424 | D:6      | Reached skill level 5 in Fighting
  5424 | D:6      | Reached skill level 5 in Invocations
  5424 | D:6      | Reached XP level 9. HP: 27/68 MP: 7/12
  5632 | D:6      | Killed a two-headed ogre
  5633 | D:6      | Reached skill level 5 in Short Blades
  5633 | D:6      | Reached skill level 1 in Throwing
  5866 | D:7      | Reached skill level 1 in Ranged Weapons
  5961 | D:6      | Reached skill level 6 in Invocations
  5991 | D:6      | Reached skill level 5 in Stealth
  6104 | D:7      | Identified the +3 ring mail of the Nurturing Gods {Dex+2}
  6419 | D:7      | Found Doost's Magic Scroll Boutique.
  6426 | D:7      | Bought a scroll of teleportation for 45 gold pieces
  6426 | D:7      | Bought a scroll of blinking for 112 gold pieces
  6476 | D:7      | Found a shimmering altar of Xom.
  6845 | D:8      | Gained mutation: Your touch may irresistibly damage your
                  | foes and sap their willpower. [demonic ancestry]
  6845 | D:8      | Reached XP level 10. HP: 75/76 MP: 13/15
  6955 | D:8      | Reached skill level 7 in Invocations
  7165 | D:8      | Found a shadowy altar of Dithmenos.
  7207 | D:8      | Found a sparkling altar of Nemelex Xobeh.
  7207 | D:8      | Found an opulent altar of Gozag.
  7352 | D:8      | Found an ornate altar of the Wu Jian Council.
  7444 | D:8      | Reached skill level 5 in Armour
  7444 | D:8      | Found a staircase to the Lair.
  7629 | D:9      | Noticed a centaur warrior
  7823 | D:9      | Noticed a centaur warrior
  7878 | D:9      | Noticed a rakshasa
  7989 | Lair:1   | Entered Level 1 of the Lair of Beasts
  7994 | Lair:1   | Noticed a cane toad
  8006 | Lair:1   | Killed a cane toad
  8056 | Lair:1   | Reached skill level 8 in Invocations
  8221 | Lair:1   | Found a dark tunnel.
  8238 | Volcano  | Entered a volcano
  8242 | Volcano  | Noticed a salamander
  8256 | Volcano  | Killed a salamander
  8295 | Volcano  | Noticed a salamander
  8314 | Volcano  | Killed a salamander
  8487 | Volcano  | Noticed a gargoyle
  8497 | Volcano  | Killed a gargoyle
  8546 | Volcano  | Noticed a salamander
  8554 | Volcano  | Killed a salamander
  8555 | Volcano  | Reached XP level 11. HP: 28/83 MP: 12/17
  8798 | Volcano  | Noticed a wizard
  8804 | Volcano  | Noticed an orb of fire
  8825 | Volcano  | Killed a wizard
  8827 | Volcano  | Noticed an orc knight
  8828 | Volcano  | HP: 4/83 [molten gargoyle/bolt of magma (19)]
  8877 | Volcano  | Killed an orc knight
  9281 | Volcano  | Noticed an orb of fire
 10487 | Lair:2   | Reached skill level 9 in Invocations
 10590 | Lair:2   | Noticed an eight-headed hydra
 10652 | Lair:2   | Noticed a catoblepas
 10672 | Lair:2   | Killed a catoblepas
 10673 | Lair:2   | Reached skill level 1 in Evocations
 11135 | Lair:3   | Reached ***** piety under Uskayaw
 11139 | Lair:3   | Reached XP level 12. HP: 66/91 MP: 17/19
 11372 | Lair:3   | Found a hole to the Spider Nest.
 11893 | Lair:3   | Noticed a five-headed hydra
 11925 | Lair:4   | Noticed a boulder beetle
 11935 | Lair:4   | Killed a boulder beetle
 11990 | Lair:4   | You fall into a shaft and drop 1 floor!
 11990 | Lair:5   | Entered Level 5 of the Lair of Beasts
 11997 | Lair:5   | Reached skill level 10 in Invocations
 12032 | Lair:5   | Noticed a fire dragon
 12168 | Lair:5   | Noticed a seven-headed hydra
 12169 | Lair:5   | Found a frozen archway.
 12187 | Lair:5   | Killed a seven-headed hydra
 12189 | Lair:5   | Noticed a catoblepas
 12203 | IceCv    | Entered an ice cave
 12218 | IceCv    | HP: 1/92 [death yak simulacrum (17)]
 13190 | Lair:5   | Killed a catoblepas
 13379 | Lair:4   | Found a staircase to the Slime Pits.
 14394 | Lair:2   | Found a staircase to the Shoals.
 14973 | D:9      | Found a runed translucent door.
 14973 | D:9      | Noticed spardeous's ghost (journeyman DgCj)
 14990 | D:9      | Killed spardeous's ghost
 15473 | D:9      | Reached XP level 13. HP: 99/99 MP: 21/21
 16367 | D:10     | Entered Level 10 of the Dungeon
 16473 | D:10     | Found Colietu's General Store.
 16573 | D:10     | Found an ancient bone altar of Kikubaaqudgha.
 16577 | D:10     | Noticed Fannar
 16600 | D:10     | Killed Fannar
 16812 | D:10     | Found a staircase to the Orcish Mines.
 16887 | D:10     | Identified the +6 scimitar of the Final Decision {flame,
                  | Drain rPois rF+}
 17148 | D:10     | Noticed Josephine
 17162 | D:10     | Killed Josephine
 17165 | D:10     | Reached skill level 5 in Ranged Weapons
 17316 | D:10     | Found a blossoming altar of Fedhas.
 17327 | D:10     | Found a basalt altar of Yredelemnul.
 18236 | Lair:5   | Killed a fire dragon
 18237 | Lair:5   | Reached skill level 5 in Long Blades
 19633 | D:11     | Found Xiuthreru's General Store.
 19667 | D:11     | Reached ****** piety under Uskayaw
 19771 | D:11     | Found a gate leading to a gauntlet.
 19790 | Gauntlet | Entered a Gauntlet
 19790 | Gauntlet | Found a transporter.
 19790 | Gauntlet | Found a transporter.
 19790 | Gauntlet | Found a transporter.
 19794 | Gauntlet | Found a transporter.
 19843 | Gauntlet | Found a transporter.
 19847 | Gauntlet | Found a transporter.
 19920 | Gauntlet | Noticed a blizzard demon
 19923 | Gauntlet | Found a transporter.
 20012 | Gauntlet | Found a transporter.
 20014 | Gauntlet | Found a transporter.
 20102 | Gauntlet | Found a transporter.
 20106 | Gauntlet | Found a transporter.
 20125 | Gauntlet | Found a transporter.
 20490 | Gauntlet | Identified the ring "Emisoh" {rElec rC+ rCorr Str+2}
 20736 | Gauntlet | Identified the +0 hat of the Pure Xalams {rN+ Will+ rCorr
                  | Stlth+}
 20820 | Gauntlet | Noticed a minotaur
 20839 | Gauntlet | Killed a minotaur
 21056 | Gauntlet | Identified the +2 pair of boots "Vuyp" {+Blink Str+2
                  | Stlth+}
 21057 | Gauntlet | Got the Precepts of the Iceberg and Sparks
 21177 | D:11     | Found Aghe's Weapon Emporium.
 21345 | D:11     | Gained mutation: You sometimes gain power by taking damage.
                  | [demonic ancestry]
 21345 | D:11     | Reached XP level 14. HP: 108/108 MP: 22/22
 22547 | D:12     | Reached skill level 5 in Evocations
 22973 | Spider:1 | Entered Level 1 of the Spider Nest
 23746 | Spider:1 | Blown up by an orb spider

Illustrated notes

Levels and vault maps discovered:
D:1:      dpeg_arrival_three_same_balls, layout_basic,
          chequers_ecumenical_altar_simple_redux, minmay_pentomino_v4
D:2:      layout_basic
D:3:      layout_basic, makhleb_altar_promises_db
D:4:      layout_basic, mainiacjoe_overflow_tiny_flanked, lemuel_tele_altar,
          cheibriados_altar_2, minmay_pentangle, uniq_blork_the_orc
D:5:      layout_loops_ring, zin_treasury, amcnicky_altar_gilded,
          uniq_prince_ribbit1
D:6:      layout_basic, minmay_temple_entry_large_hall, portal_sewer_entry_c,
          kb_rosetta
D:7:      layout_rooms, mainiacjoe_overflow_paths, serial_shops,
          nicolae_diamond_shop
D:8:      layout_gridville, grunt_temple_overflow_opulence,
          nicolae_dithmenos_through_a_glass_darkly, lemuel_round_altar,
          david_lair_shrubbed
D:9:      layout_layer_cave, hellmonk_ghost_happy_afterlife,
          chequers_mini_garden, minmay_fractal_squares_gapless_7
D:10:     layout_irregular_city, mainiacjoe_overflow_boulevard,
          tso_oasis_becter, amethyst_overflow_temple_binary, orc_0_dummy,
          serial_shops, shop, kennysheep_generic_room_5, uniq_fannar,
          uniq_josephine
D:11:     layout_basic, gauntlet_entry_generic, serial_shops,
          nicolae_shop_bloodbath_and_beyond, nicolae_stop_n_shop_2
D:12:     layout_gridville
Temple:   hellmonk_temple_beads
Lair:1:   layout_regular_city, nicolae_volcano_entry_s_turn
Lair:2:   layout_regular_city, minmay_shoals_entry_hut, grunt_megastairs_3,
          infiniplex_staircase_pool_2, lemuel_fruit_tree
Lair:3:   layout_cave_pods, hellmonk_spider_entry_not_the_bees, serial_forest,
          infiniplex_forest_lined_corner, infiniplex_forest_clump_double,
          infiniplex_forest_clump_medium, infiniplex_forest_clump_large,
          infiniplex_forest_diagonal, infiniplex_forest_zigzag_2,
          infiniplex_forest_lined_room_3, infiniplex_forest_clump_long,
          minivault_11, serial_bayou_shore_a
Lair:4:   layout_regular_city, slime_entry_1
Lair:5:   guppyfry_lair_end_dragon, layout_misc_corridors, portal_ice_cave_rime,
          grunt_megastairs_5, lemuel_fruit_fields, lemuel_fruit_fields
Spider:1: layout_spider_delve

Skill      XL: |  1  2  3  4  5  6  7  8  9 10 11 12 13 14 |
---------------+-------------------------------------------+-----
Long Blades    | 3 7 |  7.9
Dodging        | 3 4 5 6 7 8 |  8.8
Armour         | 1 2 3 4 5 6 8 9 |  9.3
Fighting       | 4 5 6 7 8 9 |  9.9
Unarmed Combat | 1 2 3 |  3.0
Stealth        | 1 3 4 5 6 7 8 |  8.0
Short Blades   | 1 3 4 5 7 8 9 |  9.3
Invocations    | 2 5 6 8 9 10 | 10.8
Throwing       | 1 2 3 |  3.0
Ranged Weapons | 1 4 5 |  5.2
Evocations     | 1 3 4 5 |  5.5

Action                     |  1- 3 |  4- 6 |  7- 9 | 10-12 | 13-15 || total
---------------------------+-------+-------+-------+-------+-------++-------
  Melee: Falchion          |   123 |    13 |       |       |       ||   136
         Dagger            |       |    76 |   204 |   488 |    74 ||   842
         Touch             |       |    10 |    40 |   127 |    85 ||   262
         Punch             |       |       |     5 |    17 |    13 ||    35
         Long sword        |       |       |       |     8 |    12 ||    20
         Scimitar          |       |       |       |       |   279 ||   279
   Fire: Sling             |       |       |     6 |       |       ||     6
         Shortbow          |       |       |       |    87 |    39 ||   126
  Throw: Dart              |       |     2 |    11 |    17 |     1 ||    31
 Invoke: Stomp             |       |       |     6 |    40 |    47 ||    93
         Line Pass         |       |       |     1 |    12 |     2 ||    15
  Evoke: Wand              |       |       |     1 |    23 |       ||    24
    Use: Scroll            |       |       |     6 |     6 |     9 ||    21
         Potion            |       |       |       |     4 |     3 ||     7
   Stab: Sleeping          |       |     3 |     6 |     6 |     6 ||    21
         Paralysed         |       |     1 |     4 |    17 |    16 ||    38
         Distracted        |       |       |     2 |     2 |       ||     4
         Confused          |       |       |     1 |     6 |       ||     7
 Armour: Robe              |     6 |       |       |       |       ||     6
         Ring mail         |    32 |    21 |     6 |    27 |       ||    86
         Leather armour    |       |     8 |    44 |     2 |       ||    54
         Scale mail        |       |       |       |    91 |   166 ||   257
  Dodge: Dodged            |    78 |    50 |   168 |   385 |   525 ||  1206
